 Dungeon Crawl Stone Soup version 0.21-a0-94-gdd6ab6a (webtiles) character file.

194145 nubinia the Sorcerer (level 17, -1/88 HPs)
             Began as a Deep Elf Earth Elementalist on June 18, 2017.
             Was a High Priest of Sif Muna.
             Shot with a sling bullet by a satyr (26 damage)
             ... on level 4 of the Shoals on July 1, 2017.
             The game lasted 06:09:58 (49188 turns).

nubinia the Sorcerer (Deep Elf Earth Elementalist) Turns: 49188, Time: 06:09:59

Health: -1/88      AC: 17    Str:  5    XL:     17   Next: 66%
Magic:  52/62      EV: 15    Int: 24    God:    Sif Muna [*****.]
Gold:   1821       SH:  7    Dex: 19    Spells: 2/58 levels left

rFire    . . .     SeeInvis +   a - +6 short sword (protect)
rCold    . . .     Gourm    .   x - +2 buckler {rPois}
rNeg     . . .     Faith    .   J - +3 leather armour of Complete Protection {MR+ MP+9 Slay+3}
rPois    +         Spirit   .   y - +2 helmet
rElec    .         Reflect  .   g - scarf {repulsion}
rCorr    .         Harm     .   t - +2 pair of gloves
MR       ++...     Clarity  +   u - +2 pair of boots
Stlth    +++++.....             C - amulet of magic regeneration
HPRegen  0.24/turn              e - ring of see invisible
MPRegen  0.63/turn              S - ring of magical power

@: divine energy, repel missiles
A: molten scales 1, blurry vision 1, clarity
}: 1/15 runes: barnacled
a: Stop Divine Energy, Channel Magic, Forget Spell, Renounce Religion


You were on level 4 of the Shoals.
You worshipped Sif Muna.
Sif Muna was extremely pleased with you.
You were hungry.

You visited 5 branches of the dungeon, and saw 27 of its levels.
You also visited: Ice Cave.

You collected 2885 gold pieces.
You spent 1064 gold pieces at shops.

Inventory:

Hand Weapons
 a - a +6 short sword of protection (weapon)
Missiles
 I - 724 arrows
 W - 869 stones (quivered)
Armour
 g - a scarf of repulsion (worn)
 t - a +2 pair of gloves (worn)
 u - a +2 pair of boots (worn)
 x - a +2 buckler of poison resistance (worn)
 y - a +2 helmet (worn)
 J - the +3 leather armour of Complete Protection (worn) {MR+ MP+9 Slay+3}
   (You found it on level 7 of the Dungeon)

   It affects your accuracy and damage with ranged weapons and melee attacks
   (+3).
   It affects your resistance to hostile enchantments.
   It affects your magic capacity (+9).
Jewellery
 e - a ring of see invisible (left hand)
 l - an uncursed ring of resist corrosion
 C - an amulet of magic regeneration (around neck)
 S - a ring of magical power (right hand)
 U - an uncursed ring of positive energy
Wands
 b - a wand of iceblast (5/15)
 d - a wand of lightning (3/15)
 h - a wand of iceblast (10/15)
 A - a wand of acid (11/15)
 O - a wand of flame (2/48)
 X - a wand of digging (4/24)
Scrolls
 c - a scroll of holy word
 m - 2 scrolls of teleportation
 o - 9 scrolls of identify
 z - 6 scrolls of remove curse
 F - 4 scrolls of magic mapping
 H - a scroll of amnesia
 N - 5 scrolls of fog
 P - 4 scrolls of blinking
 T - 3 scrolls of fear
Potions
 j - 2 potions of mutation
 n - 10 potions of curing
 v - 3 potions of brilliance
 B - 2 potions of invisibility
 E - a potion of magic
 K - a potion of cancellation
 M - 4 potions of ambrosia
 R - 2 potions of berserk rage
Books
 f - Sif Muna's Second Course in Theurgy
   (Sif Muna gifted it to you on level 6 of the Lair of Beasts)

   Spells                             Type                      Level
   a - Fireball                       Conjuration/Fire             5
   b - Irradiate                      Conjuration/Transmutation    5
   c - Bolt of Draining               Conjuration/Necromancy       5
   d - Summon Mana Viper              Hexes/Summoning              5
   e - Agony                          Necromancy                   5
   f - Cigotuvi's Embrace             Necromancy                   5
 w - the Compendium of Conjuration
   (You found it on level 4 of the Shoals)

   Spells                             Type                      Level
   a - Flame Tongue                   Conjuration/Fire             1
   b - Magic Dart                     Conjuration                  1
   c - Dazzling Spray                 Conjuration/Hexes            3
   d - Sticky Flame                   Conjuration/Fire             4
   e - Bolt of Fire                   Conjuration/Fire             6
 Q - Sif Muna's Papyrus of Ashen Transmutation
   (Sif Muna gifted it to you on level 4 of the Shoals)

   Spells                             Type                      Level
   a - Passwall                       Transmutation/Earth          2
   b - Sticks to Snakes               Transmutation                2
   c - Petrify                        Transmutation/Earth          4
   d - Hydra Form                     Transmutation                6
   e - Necromutation                  Transmutation/Necromancy     8
 Z - Sif Muna's Papyrus of Combat Magic
   (Sif Muna gifted it to you on level 6 of the Lair of Beasts)

   Spells                             Type                      Level
   a - Throw Frost                    Conjuration/Ice              2
   b - Fulminant Prism                Conjuration/Hexes            4
   c - Bolt of Draining               Conjuration/Necromancy       5
   d - Freezing Cloud                 Conjuration/Ice/Air          6
   e - Chain Lightning                Conjuration/Air              8
Miscellaneous
 k - a fan of gales
 q - a lamp of fire (inert)
 D - a lightning rod (2/4)
 L - a box of beasts
Comestibles
 p - 9 meat rations


   Skills:
 + Level 3.5 Fighting
 + Level 6.5 Short Blades
   Level 0.1(0.3) Maces & Flails
   Level 1.0 Staves
 + Level 3.5 Armour
 + Level 6.1 Dodging
 + Level 10.3 Stealth
 + Level 1.7 Shields
 * Level 21.3 Spellcasting
 * Level 15.4 Conjurations
 * Level 10.9 Charms
 * Level 10.0 Necromancy
 + Level 6.7 Translocations
 + Level 7.7 Transmutations
 + Level 7.1 Fire Magic
 + Level 12.5 Earth Magic
 + Level 0.7 Invocations
 + Level 3.1 Evocations


You had 2 spell levels left.
You knew the following spells:

 Your Spells              Type           Power        Failure   Level  Hunger
a - Magic Dart            Conj           ####         0%          1    None
b - Throw Flame           Conj/Fire      ######       1%          2    None
c - Passwall              Tmut/Erth      ######....   1%          2    None
d - Petrify               Tmut/Erth      ######..     1%          4    None
e - Conjure Flame         Conj/Fire      ######..     1%          3    None
f - Force Lance           Conj/Tloc      ######..     1%          4    None
g - Bolt of Magma         Conj/Fire/Erth ######....   1%          5    None
h - Apportation           Tloc           ######       1%          1    None
i - Iskenderun's Battles  Conj/Chrm      ######..     1%          5    None
j - Bolt of Draining      Conj/Necr      ######....   1%          5    None
k - Sticks to Snakes      Tmut           ######..     1%          2    None
l - Lee's Rapid Deconstr  Erth           ######....   1%          5    None
m - Sandblast             Erth           ######       1%          1    None
n - Stone Arrow           Conj/Erth      ######       1%          3    None
o - Cigotuvi's Embrace    Necr           ######....   1%          5    None
r - Regeneration          Chrm/Necr      ######....   1%          3    None
D - Dispel Undead         Necr           ######..     1%          5    None


Dungeon Overview and Level Annotations

Branches:
Dungeon (13/15)            Temple (0/1) D:4            Lair (6/6) D:8
 Shoals (4/4) Lair:3        Snake (2/4) Lair:4        Slime (0/5) Lair:5
    Orc (2/2) D:11            Elf (0/3) Orc:2        Vaults (0/5) D:13

Altars:
Nemelex Xobeh
Qazlal
Ru
Sif Muna
Wu Jian
Xom
Zin
Beogh

Shops:
Orc:2 [([:(   Shoals:3 %[[?

Annotations:
Shoals:1 exclusion: titan
Shoals:2 Roxanne


Innate Abilities, Weirdness & Mutations

You are partially covered in molten scales. (AC +2)
Scrolls take you a little longer to read.
You possess an exceptional clarity of mind.


Message History

The satyr shoots a sling bullet.
The sling bullet hits you!!
* * * LOW HITPOINT WARNING * * *
Your battlesphere fires!
Unknown command.
Unknown command.
Unknown command.
Unknown command.
Casting: Throw Flame
Confirm with . or Enter, or press ? or * to list all spells.
Aiming: Throw Flame
Press: ? - help, Shift-Dir - straight line, f/p - merfolk javelineer
Aim: a merfolk javelineer, wielding a spear of piercing and wearing a leather armour (steam, almost dead)
Your battlesphere fires!
Sif Muna accepts your kill.
You hear a splash. x3
Your Necromancy skill increases to level 10!
You feel a bit more experienced.
The satyr shoots a sling bullet.
You block the sling bullet.
The satyr shoots a sling bullet.
The sling bullet hits you!!
You die...

≈≈≈≈#### ≈≈≈≈≈≈≈≈
............ ≈≈≈≈≈≈≈≈≈.
.......≈.. ≈≈≈≈≈≈≈≈≈≈.
...≈≈.≈.#
≈≈≈≈≈≈≈≈≈≈.##.......#####..
.≈≈≈#####≈≈.#...≈≈≈....#...
...##...##≈≈....≈......c...
[..#.....#≈≈≈≈≈≈....#......
.).()....#≈≈≈≈≈.@.......≈≈≈
.)[#.....#≈≈≈≈..#*..≈≈≈≈≈≈≈
...##...##≈≈≈..###...≈≈≈≈≈≈
..(.#####≈≈≈≈.## ##(.≈≈≈≈≈≈
...(<.....≈≈≈..## #.≈≈≈≈≈≈≈
.).........≈≈...# .§§≈≈≈≈≈≈
...........≈...###.§§≈≈≈≈≈≈
..............## #..§)§≈≈≈≈
......≈......## #..§≈.≈≈≈≈


You could see a satyr and a friendly battlesphere.

Vanquished Creatures
  Frances (Shoals:2)
  Kirke (Shoals:1)
  Ilsuiw (Shoals:4)
  A stone giant (Orc:1)
  Nessos (D:12)
  14 merfolk impalers
  Snorg (Orc:2)
  6 merfolk javelineers
  Josephine (D:10)
  8 vault guards (D:13)
  12 hydras
  2 naga warriors (Snake:1)
  A merfolk avatar (Shoals:2)
  A catoblepas (Lair:2)
  2 satyrs (Shoals:2)
  3 alligator snapping turtles
  7 merfolk aquamancers
  6 two-headed ogres
  4 anacondas
  5 orc high priests
  A shock serpent (Snake:1)
  A naga sharpshooter (Snake:1)
  A salamander mystic (Snake:2)
  3 skeletal warriors (D:13)
  2 naga ritualists (Snake:1)
  9 sea snakes
  The ghost of Apogee the Destroyer, a novice DECj of Vehumet (D:7)
  21 harpies
  6 orc knights
  A deep elf mage (D:13)
  3 mana vipers (Snake:1)
  5 orc sorcerers
  A wolf spider (Lair:6)
  5 oklob plants
  2 salamanders (Snake:1)
  18 fauns
  8 cyclopes
  3 ugly things
  5 manticores
  2 ice statues (IceCv)
  10 merfolk sirens
  2 naga magi
  3 elephants (Lair:6)
  27 black mambas
  16 spiny frogs
  Joseph (D:7)
  2 guardian serpents
  A gargoyle (D:12)
  5 water nymphs
  5 rime drakes
  8 komodo dragons
  7 ice devils (IceCv)
  27 merfolk
  7 trolls
  3 meliai (D:13)
  A queen bee (Lair:2)
  6 hornets
  7 wind drakes
  9 polar bears
  22 blink frogs
  9 slime creatures
  11 hippogriffs
  16 snapping turtles
  7 dream sheep
  A shadow (D:13)
  6 wraiths
  A redback (Lair:6)
  10 water elementals
  13 wyverns
  40 yaks
  3 steam dragons
  3 hogs (Shoals:1)
  3 basilisks
  10 wargs
  6 nagas
  32 water moccasins
  A soldier ant (D:12)
  An acid dragon (D:12)
  Duvessa (D:7)
  23 porcupines
  15 hell hounds
  2 ice beasts
  3 phantoms
  36 orc warriors
  12 black bears
  2 hornet zombies
  16 ogres
  5 eyes of draining
  3 sky beasts
  5 necrophages
  12 crocodiles
  21 wolves
  15 centaurs
  Blork the orc (D:4)
  A big kobold (D:9)
  17 bullfrogs
  A gnoll sergeant (D:7)
  3 scorpions
  Dowan (D:7)
  30 killer bees
  13 wights
  4 howler monkeys
  2 bullfrog zombies
  5 crimson imps
  A quasit (D:13)
  3 centaur zombies
  5 hounds
  2 jellies
  21 orc priests
  35 orc wizards
  Jessica (D:2)
  4 bullfrog skeletons
  5 iguanas
  10 worker ants
  A hound skeleton (D:11)
  A worker ant zombie (D:8)
  14 adders
  7 gnolls
  3 shadow imps
  4 white imps (IceCv)
  6 ufetubi (IceCv)
  2 oozes
  3 worms
  3 dart slugs
  8 leopard geckos
  96 orcs
  5 giant cockroaches
  13 goblins
  8 hobgoblins
  4 jackals (D:9)
  6 quokkas
  A ball python (D:5)
  6 bats
  5 frilled lizards
  6 kobolds
  A quokka zombie (D:8)
  4 rats
  2 fungi
  3 plants
1066 creatures vanquished.

Vanquished Creatures (others)
  A reaper (IceCv)
  2 humans (Shoals:1)
  A white imp (IceCv)
  9 ufetubi (IceCv)
  23 fungi
  44 plants
80 creatures vanquished.

Grand Total: 1146 creatures vanquished

Notes
Turn   | Place    | Note
-------+----------+-------------------------------------------
     0 | D:1      | nubinia the Deep Elf Earth Elementalist began the quest for the Orb.
     0 | D:1      | Reached XP level 1. HP: 10/10 MP: 6/6
   754 | D:1      | Reached XP level 2. HP: 8/15 MP: 6/8
   889 | D:1      | Learned a level 2 spell: Passwall
  1618 | D:1      | Reached XP level 3. HP: 19/19 MP: 6/9
  1627 | D:1      | Learned a level 3 spell: Stone Arrow
  1693 | D:2      | Noticed Jessica
  1701 | D:2      | Killed Jessica
  1701 | D:2      | Reached skill level 1 in Short Blades
  2058 | D:2      | Found a sacrificial altar of Ru.
  2136 | D:2      | Found a glowing silver altar of Zin.
  2170 | D:2      | Reached skill level 4 in Spellcasting
  2170 | D:2      | Reached XP level 4. HP: 21/24 MP: 3/12
  3315 | D:3      | Reached XP level 5. HP: 28/28 MP: 9/13
  4375 | D:3      | Found a faded altar of an unknown god.
  4805 | D:4      | Found a shimmering altar of Xom.
  4826 | D:4      | Reached skill level 1 in Fighting
  4826 | D:4      | Reached skill level 1 in Conjurations
  5050 | D:4      | Noticed an ogre
  5056 | D:4      | Killed an ogre
  5056 | D:4      | Reached XP level 6. HP: 34/34 MP: 5/15
  5154 | D:4      | Reached skill level 5 in Spellcasting
  5460 | D:4      | Noticed Blork the orc
  5754 | D:5      | Entered Level 5 of the Dungeon
  5820 | D:5      | Found a deep blue altar of Sif Muna.
  5826 | D:5      | Became a worshipper of Sif Muna the Loreminder
  5832 | D:5      | Learned a level 4 spell: Petrify
  5997 | D:5      | Found an ornate altar of the Wu Jian Council.
  6157 | D:5      | Reached skill level 5 in Stealth
  6551 | D:6      | Reached skill level 5 in Earth Magic
  6855 | D:6      | Reached XP level 7. HP: 27/38 MP: 12/17
  7236 | D:6      | Found a stormy altar of Qazlal.
  7553 | D:6      | Learned a level 5 spell: Lee's Rapid Deconstruction
  7657 | D:6      | Learned a level 2 spell: Sticks to Snakes
  8280 | D:4      | Killed Blork the orc
  8280 | D:4      | Reached skill level 1 in Staves
  8309 | D:4      | Found a staircase to the Ecumenical Temple.
  8420 | D:7      | Noticed Apogee's ghost (novice DECj)
  8451 | D:7      | Got a faintly humming leather armour
  8462 | D:7      | Identified the +3 leather armour of Complete Protection {MR+ MP+9 Slay+3} (You found it on level 7 of the Dungeon)
  8533 | D:7      | Noticed Joseph
  8543 | D:7      | Killed Joseph
  8543 | D:7      | Reached * piety under Sif Muna
  8543 | D:7      | Reached skill level 1 in Armour
  8543 | D:7      | Reached skill level 6 in Spellcasting
  8543 | D:7      | Reached XP level 8. HP: 6/43 MP: 0/20
  8728 | D:7      | Reached skill level 7 in Spellcasting
  9022 | D:7      | Noticed Duvessa
  9022 | D:7      | Noticed Dowan
  9028 | D:7      | Killed Dowan
  9038 | D:7      | Killed Duvessa
  9066 | D:7      | Reached ** piety under Sif Muna
  9163 | D:8      | Found a staircase to the Lair.
  9596 | D:7      | Reached skill level 8 in Spellcasting
  9744 | D:7      | Reached XP level 9. HP: 26/48 MP: 9/23
 10261 | D:7      | Killed Apogee's ghost
 10261 | D:7      | Reached skill level 9 in Spellcasting
 10340 | D:7      | Reached *** piety under Sif Muna
 10965 | D:8      | Reached skill level 10 in Spellcasting
 10965 | D:8      | Reached skill level 5 in Conjurations
 11276 | D:8      | Upgraded the game from 0.21-a0-70-g32e1473 to 0.21-a0-71-g5e5ddd2
 11584 | D:9      | Reached XP level 10. HP: 53/53 MP: 26/26
 11719 | D:9      | Noticed a two-headed ogre
 12110 | D:10     | Entered Level 10 of the Dungeon
 12228 | Lair:1   | Entered Level 1 of the Lair of Beasts
 12296 | Lair:1   | Reached skill level 5 in Transmutations
 12315 | Lair:1   | Noticed a spiny frog
 12346 | Lair:1   | Found a sparkling altar of Nemelex Xobeh.
 12383 | Lair:1   | Reached **** piety under Sif Muna
 12702 | Lair:1   | Noticed a six-headed hydra
 12727 | Lair:1   | Reached skill level 11 in Spellcasting
 13189 | Lair:1   | Killed a spiny frog
 13261 | Lair:1   | Killed a six-headed hydra
 13657 | Lair:2   | Noticed a seven-headed hydra
 13664 | Lair:2   | Killed a seven-headed hydra
 13664 | Lair:2   | Reached XP level 11. HP: 58/58 MP: 26/28
 13711 | Lair:2   | Reached skill level 12 in Spellcasting
 13829 | Lair:2   | Reached ***** piety under Sif Muna
 13829 | Lair:2   | Received a gift from Sif Muna
 13831 | Lair:2   | Identified Sif Muna's Papyrus of the Hurtful Traveller (Sif Muna gifted it to you on level 2 of the Lair of Beasts)
 13875 | Lair:1   | Learned a level 3 spell: Conjure Flame
 14621 | Lair:2   | Reached skill level 1 in Fire Magic
 14823 | Lair:2   | Reached skill level 10 in Earth Magic
 15313 | Lair:2   | Noticed an oklob plant
 15313 | Lair:2   | Noticed an oklob plant
 15351 | Lair:2   | Reached skill level 1 in Evocations
 15360 | Lair:2   | Killed an oklob plant
 15744 | Lair:2   | Reached XP level 12. HP: 56/64 MP: 30/30
 15787 | Lair:2   | Reached skill level 13 in Spellcasting
 15909 | Lair:2   | Reached skill level 5 in Short Blades
 16187 | Lair:3   | Received a gift from Sif Muna
 16188 | Lair:3   | Identified Sif Muna's Grimoire of Destructive Ignition (Sif Muna gifted it to you on level 3 of the Lair of Beasts)
 16195 | Lair:3   | Learned a level 5 spell: Bolt of Magma
 16681 | Lair:3   | Noticed a five-headed hydra
 16962 | Lair:2   | Noticed a catoblepas
 16973 | Lair:2   | Killed a catoblepas
 17259 | Lair:3   | Reached skill level 5 in Dodging
 17271 | Lair:3   | Learned a level 5 spell: Fireball
 17327 | Lair:3   | Found a staircase to the Shoals.
 17347 | Lair:4   | Found a staircase to the Snake Pit.
 17754 | Lair:3   | Killed a five-headed hydra
 19219 | Lair:3   | Reached skill level 14 in Spellcasting
 19326 | Lair:3   | Upgraded the game from 0.21-a0-71-g5e5ddd2 to 0.21-a0-72-gbbb65ab
 19821 | Lair:4   | Reached XP level 13. HP: 64/68 MP: 32/33
 20818 | Lair:5   | Identified Sif Muna's Volume of the Blaze and Confrontation (Sif Muna gifted it to you on level 5 of the Lair of Beasts)
 20818 | Lair:5   | Received a gift from Sif Muna
 20818 | Lair:5   | Reached skill level 5 in Fire Magic
 20857 | Lair:5   | Learned a level 4 spell: Force Lance
 21083 | Lair:5   | Reached skill level 1 in Translocations
 22068 | Lair:5   | Found a staircase to the Slime Pits.
 22276 | Lair:5   | Reached skill level 5 in Translocations
 22509 | Lair:6   | Entered Level 6 of the Lair of Beasts
 22511 | Lair:6   | Found a frozen archway.
 22522 | IceCv    | Entered an ice cave
 22615 | IceCv    | Killed a reaper
 23234 | IceCv    | Upgraded the game from 0.21-a0-72-gbbb65ab to 0.21-a0-88-g13b9641
 24440 | Lair:6   | Reached skill level 1 in Shields
 24824 | Lair:6   | Reached skill level 15 in Spellcasting
 24928 | Lair:6   | Reached skill level 10 in Stealth
 24988 | Lair:6   | Identified Sif Muna's Second Course in Theurgy (Sif Muna gifted it to you on level 6 of the Lair of Beasts)
 24988 | Lair:6   | Received a gift from Sif Muna
 25000 | Lair:6   | Learned a level 5 spell: Bolt of Draining
 25507 | Lair:6   | Reached skill level 10 in Conjurations
 25813 | Lair:6   | Reached XP level 14. HP: 59/74 MP: 34/35
 26149 | Lair:6   | Upgraded the game from 0.21-a0-88-g13b9641 to 0.21-a0-91-ga5031da
 26963 | D:10     | Noticed Josephine
 26971 | D:10     | Killed Josephine
 27387 | D:10     | Identified Sif Muna's Volume of Arcane Weapons and the Snowflakes (Sif Muna gifted it to you on level 10 of the Dungeon)
 27387 | D:10     | Received a gift from Sif Muna
 27415 | D:10     | Learned a level 5 spell: Iskenderun's Battlesphere
 27692 | D:11     | Reached skill level 1 in Charms
 27792 | D:11     | Got a jewelled war axe
 27793 | D:11     | Identified the +2 war axe of Subterfuge {pain, Int+2} (You found it on level 11 of the Dungeon)
 28325 | D:11     | Found a roughly hewn altar of Beogh.
 28325 | D:11     | Found a staircase to the Orcish Mines.
 28572 | Orc:1    | Entered Level 1 of the Orcish Mines
 28627 | D:11     | Reached skill level 16 in Spellcasting
 29204 | Orc:1    | Noticed a stone giant
 29214 | Orc:1    | Found a roughly hewn altar of Beogh.
 29358 | Orc:1    | Learned a level 1 spell: Magic Dart
 29638 | Orc:1    | Killed a stone giant
 29934 | Orc:2    | Entered Level 2 of the Orcish Mines
 30046 | Orc:2    | Found a staircase to the Elven Halls.
 30354 | Orc:2    | Found a roughly hewn altar of Beogh.
 31032 | Orc:2    | Identified Sif Muna's Papyrus of Shifting Execration (Sif Muna gifted it to you on level 2 of the Orcish Mines)
 31032 | Orc:2    | Received a gift from Sif Muna
 31032 | Orc:2    | Reached skill level 5 in Necromancy
 31064 | Orc:2    | Reached skill level 5 in Charms
 31168 | Orc:2    | Found Ycunneat's Weapon Emporium.
 31168 | Orc:2    | Found Voudim's Antique Armour Boutique.
 31170 | Orc:2    | Found Ubiusipn's Book Emporium.
 31170 | Orc:2    | Found Diakir's Antique Armour Boutique.
 31179 | Orc:2    | Bought a smoking cloak for 256 gold pieces
 31179 | Orc:2    | Identified the cursed +0 cloak of the Orb Guardian {rF- Str+5} (You bought it in a shop on level 2 of the Orcish Mines)
 31205 | Orc:2    | Bought a pair of boots for 121 gold pieces
 31238 | Orc:2    | Found Poude's Antique Weapon Shoppe.
 31818 | Orc:2    | Noticed Snorg
 31824 | Orc:2    | Killed Snorg
 31953 | Orc:2    | Reached skill level 17 in Spellcasting
 32409 | Snake:1  | Entered Level 1 of the Snake Pit
 32473 | Snake:1  | Reached XP level 15. HP: 70/78 MP: 13/38
 32811 | Snake:1  | Found an ornate altar of the Wu Jian Council.
 34102 | Snake:2  | Received a gift from Sif Muna
 35339 | Orc:2    | Bought a cloak for 148 gold pieces
 35587 | Shoals:1 | Entered Level 1 of the Shoals
 35713 | Shoals:1 | Learned a level 2 spell: Throw Flame
 35921 | Shoals:1 | Reached skill level 18 in Spellcasting
 36003 | Shoals:1 | Noticed a titan
 37031 | Shoals:1 | Noticed Kirke
 37038 | Shoals:1 | Killed Kirke
 37722 | D:12     | Identified Sif Muna's Guide on Freezing Black Magic (Sif Muna gifted it to you on level 12 of the Dungeon)
 37722 | D:12     | Received a gift from Sif Muna
 37815 | D:12     | Learned a level 3 spell: Regeneration
 37838 | D:12     | Noticed Nessos
 38452 | D:12     | Found a roughly hewn altar of Beogh.
 38866 | D:12     | Reached XP level 16. HP: 83/83 MP: 40/40
 39547 | D:13     | Learned a level 5 spell: Dispel Undead
 39855 | D:13     | Found a gate to the Vaults.
 39867 | D:13     | Reached skill level 19 in Spellcasting
 40071 | D:13     | Found a sparkling altar of Nemelex Xobeh.
 40441 | D:13     | Identified Sif Muna's Collected Works on Unholy Stones (Sif Muna gifted it to you on level 13 of the Dungeon)
 40441 | D:13     | Received a gift from Sif Muna
 40735 | D:13     | Gained mutation: Scrolls take you a little longer to read. [potion of mutation]
 40735 | D:13     | Gained mutation: You possess an exceptional clarity of mind. [potion of mutation]
 40735 | D:13     | Gained mutation: You are partially covered in molten scales. (AC +2) [potion of mutation]
 41366 | D:12     | Killed Nessos
 41750 | Shoals:2 | Noticed Roxanne
 41914 | Lair:5   | Learned a level 1 spell: Apportation
 42353 | Shoals:2 | Noticed Frances
 43872 | Lair:6   | Identified Sif Muna's Papyrus of Combat Magic (Sif Muna gifted it to you on level 6 of the Lair of Beasts)
 43872 | Lair:6   | Received a gift from Sif Muna
 44009 | Lair:6   | Reached skill level 20 in Spellcasting
 44376 | Lair:6   | HP: 3/83 [hell hound/blast of flame (4)]
 45121 | Lair:6   | Got a polished scarf
 45124 | Lair:6   | Identified the scarf "Wubonkapn" {rC+ Int+4} (You found it on level 6 of the Lair of Beasts)
 45435 | Shoals:2 | Got a polished scythe {holy}
 45438 | Shoals:2 | Identified the +5 scythe "Tormentor" {holy, -Tele +Rage +Inv Int-3} (You took it off a merfolk siren on level 2 of the Shoals)
 45447 | Shoals:2 | Killed Frances
 45520 | Shoals:2 | Upgraded the game from 0.21-a0-91-ga5031da to 0.21-a0-94-gdd6ab6a
 45873 | Shoals:3 | Reached XP level 17. HP: 88/88 MP: 43/43
 45957 | Shoals:3 | Found Bihoiluf's Food Emporium.
 46353 | Shoals:3 | Found Susei's Armour Boutique.
 46413 | Shoals:3 | Bought a +1 buckler of poison resistance for 283 gold pieces
 46442 | Shoals:3 | Found Toocacs's Armour Boutique.
 46456 | Shoals:3 | Bought a scarf of repulsion for 144 gold pieces
 46466 | Shoals:3 | Found Noapn's Magic Scroll Shop.
 46473 | Shoals:3 | Bought a scroll of enchant weapon for 112 gold pieces
 47056 | Shoals:4 | Entered Level 4 of the Shoals
 47070 | Shoals:4 | Identified Sif Muna's Papyrus of Ashen Transmutation (Sif Muna gifted it to you on level 4 of the Shoals)
 47070 | Shoals:4 | Received a gift from Sif Muna
 47146 | Shoals:4 | Learned a level 5 spell: Cigotuvi's Embrace
 47322 | Shoals:4 | Reached skill level 10 in Charms
 47865 | Shoals:4 | Got a barnacled rune of Zot
 48044 | Shoals:4 | Reached skill level 15 in Conjurations
 48271 | Shoals:4 | Reached skill level 21 in Spellcasting
 48480 | Shoals:4 | Identified the Compendium of Conjuration
 49059 | Shoals:4 | Noticed Ilsuiw
 49085 | Shoals:4 | Killed Ilsuiw
 49185 | Shoals:4 | Reached skill level 10 in Necromancy
 49188 | Shoals:4 | Shot with a sling bullet by a satyr

Vault maps used:
D:1:      tarquinn_simple_flora_water_d
D:2:      nicolae_ru_awakened_eye, lemuel_round_altar, first_bread,
          minmay_misc_feat_columns, uniq_jessica
D:3:      chequers_ecumenical_altar_simple_redux
D:4:      xom_teletrap_fun, minmay_temple_entry_fiery,
          minmay_misc_feat_secret_circle, uniq_blork_the_orc
D:5:      kennysheep_little_box, led_sif_pool, solitary_fountain
D:6:      kennysheep_mini, minmay_a_box_with_orc_wizards_in_it
D:7:      uniq_duvessa, uniq_joseph
D:8:      minmay_lair_entry_lava
D:10:     kennysheep_spiral_hall, uniq_josephine
D:11:     david_orc_5, hangedman_pestilent_swarm
D:12:     hex_intersection, nicolae_twisting_strands, uniq_nessos
D:13:     erik_vaults_2, nemelex_altar_shiori
Lair:1:   basic_altar, beast_lair_carwin_2, grunt_megastairs_3
Lair:2:   regret_index_harrowing_hell_hive, roderic_carrion_pond,
          infiniplex_staircase_pool, lemuel_fruit_fields
Lair:3:   minmay_shoals_entry_lonely_mermaid, guppyfry_lair_drakes
Lair:4:   minmay_snake_entry_guardpost_small
Lair:5:   minmay_slime_entry_oklob_open, grunt_megastairs_4
Lair:6:   hangedman_lair_tendril_chambers, hangedman_lair_caniforms_friends,
          portal_ice_cave_entry_pillars_1
Shoals:1: cheibrodos_shoals_gigantism, uniq_kirke
Shoals:2: uniq_roxanne, uniq_frances
Shoals:3: serial_shops, nicolae_shop_stone, shop, shop, nicolae_shop_stone
Shoals:4: shoals_end_simple, shoal_ilsuiw
Snake:1:  basic_altar, abandoned_shop, lemuel_fruit_tree
Snake:2:  lightli_airlock
Orc:1:    kennysheep_orc_chapel
Orc:2:    grunt_orc_tribal_feast, serial_shops, shop, basic_altar, uniq_snorg
IceCv:    ice_cave_small_demon

Skill      XL: |  1  2  3  4  5  6  7  8  9 10 11 12 13 14 15 16 17 |
---------------+----------------------------------------------------+-----
Short Blades   | 1 2 3 4 5 6 |  6.5
Dodging        | 3 4 5 6 |  6.1
Earth Magic    | 4 5 6 8 9 10 11 12 | 12.5
Spellcasting   | 4 5 6 8 10 11 12 14 15 17 18 20 21 | 21.3
Stealth        | 3 4 5 6 8 9 10 | 10.3
Fighting       | 1 2 3 |  3.5
Conjurations   | 1 3 5 6 8 9 10 11 13 14 15 | 15.4
Staves         | 1 |  1.0
Armour         | 1 2 3 |  3.5
Transmutations | 2 3 4 6 7 |  7.7
Fire Magic     | 2 4 6 7 |  7.1
Evocations     | 2 3 |  3.1
Translocations | 5 6 |  6.7
Shields        | 1 |  1.7
Necromancy     | 3 5 7 9 10 | 10.0
Charms         | 5 7 9 10 | 10.9
Maces & Flails | |  0.1
Invocations    | |  0.7

Action                   |  1- 3 |  4- 6 |  7- 9 | 10-12 | 13-15 | 16-18 || total
-------------------------+-------+-------+-------+-------+-------+-------++-------
Melee: Dagger            |    89 |    92 |       |       |       |       ||   181
       Whip              |       |    94 |       |       |       |       ||    94
       Quarterstaff      |       |    10 |     3 |       |       |       ||    13
       Rapier            |       |       |   110 |   274 |   273 |       ||   657
       Staff             |       |       |       |     3 |       |       ||     3
       Short sword       |       |       |       |       |    64 |    61 ||   125
 Cast: Sandblast         |    25 |    16 |    46 |    20 |    30 |       ||   137
       Stone Arrow       |     2 |    24 |    51 |    97 |   124 |    11 ||   309
       Lee's Rapid Decon |       |       |     2 |    18 |    18 |     1 ||    39
       Sticks to Snakes  |       |       |     3 |     3 |       |     1 ||     7
       Petrify           |       |       |     1 |    84 |    59 |       ||   144
       Bolt of Magma     |       |       |       |    12 |    19 |     9 ||    40
       Fireball          |       |       |       |     2 |    57 |     1 ||    60
       Conjure Flame     |       |       |       |     1 |     1 |       ||     2
       Force Lance       |       |       |       |       |   202 |   120 ||   322
       Passwall          |       |       |       |       |     3 |       ||     3
       Magic Dart        |       |       |       |       |   269 |   294 ||   563
       Iskenderun's Batt |       |       |       |       |   149 |   150 ||   299
       Bolt of Draining  |       |       |       |       |     1 |   171 ||   172
       Throw Flame       |       |       |       |       |   128 |    79 ||   207
       Dispel Undead     |       |       |       |       |       |    10 ||    10
       Apportation       |       |       |       |       |       |     3 ||     3
       Regeneration      |       |       |       |       |       |     4 ||     4
       Cigotuvi's Embrac |       |       |       |       |       |     2 ||     2
Invok: Channel Magic     |       |       |       |     1 |       |     1 ||     2
       Divine Energy     |       |       |       |     1 |       |       ||     1
       Forget Spell      |       |       |       |       |       |     1 ||     1
Evoke: Wand              |       |       |       |    38 |     6 |     6 ||    50
       Lightning rod     |       |       |       |       |     6 |       ||     6
       Lamp of fire      |       |       |       |       |     2 |     2 ||     4
  Use: Scroll            |     1 |     6 |     1 |    12 |    30 |    10 ||    60
       Potion            |     1 |     4 |     6 |     8 |     3 |     4 ||    26
 Stab: Sleeping          |     2 |    15 |    11 |    14 |    20 |     3 ||    65
       Distracted        |       |     1 |     1 |       |     2 |       ||     4
       Petrified         |       |       |       |    85 |    56 |       ||   141
       Petrifying        |       |       |       |    13 |     9 |       ||    22
       Invisible         |       |       |       |     4 |       |       ||     4
  Eat: Chunk             |     4 |    13 |    14 |    24 |    52 |    31 ||   138
       Royal jelly       |       |     1 |       |     1 |     5 |       ||     7
       Meat ration       |       |       |     1 |       |       |       ||     1
       Fruit             |       |       |       |       |     4 |       ||     4
Armor: Robe              |    11 |    45 |     5 |       |     6 |       ||    67
       Leather armour    |       |       |    35 |    85 |   102 |    69 ||   291
       Skin              |       |       |       |    10 |       |       ||    10
Dodge: Dodged            |    57 |   131 |    78 |   202 |   288 |    94 ||   850
       Deflected         |       |       |       |       |       |    11 ||    11
Block: Buckler           |       |       |       |     8 |    83 |    61 ||   152
